 Dungeon Crawl Stone Soup version 0.23-a0-554-gd3cbc84 (webtiles) character file.

167 Lavandula the Cutter (level 5, -3/31 HPs)
             Began as a Halfling Enchanter on Dec 10, 2018.
             Slain by an iguana (13 damage)
             ... on level 7 of the Dungeon.
             The game lasted 00:06:49 (1569 turns).

Lavandula the Cutter (Halfling Enchanter)           Turns: 1569, Time: 00:06:50

Health: -3/31      AC:  2    Str:  9    XL:     5   Next: 76%
Magic:  1/7        EV: 15    Int: 14    God:
Gold:   42         SH:  0    Dex: 15    Spells: 4/7 levels left

rFire    . . .     SeeInvis .   a - +1 dagger
rCold    . . .     Gourm    .   (shield restricted)
rNeg     . . .     Faith    .   b - +0 robe
rPois    .         Spirit   .   (no helmet)
rElec    .         Reflect  .   (no cloak)
rCorr    .         Harm     .   (no gloves)
MR       .....                  (no boots)
Stlth    ++........             (no amulet)
HPRegen  0.10/turn              (no ring)
MPRegen  0.10/turn              (no ring)

@: very slightly contaminated
A: small, mutation resistance 1
a: no special abilities


You were on level 7 of the Dungeon.
You were hungry.

You visited 1 branch of the dungeon, and saw 5 of its levels.

You collected 42 gold pieces.

Inventory:

Hand Weapons
 a - a +1 dagger (weapon)
 g - a +0 hunting sling
Missiles
 h - 52 stones (quivered)
Armour
 b - a +0 robe (worn)
Scrolls
 c - a scroll of identify {unknown}
 f - a scroll of enchant weapon {unknown}
 j - 2 scrolls of blinking {unknown}
 l - a scroll of immolation {unknown}
 n - a scroll of fear {unknown}
Potions
 e - a potion of resistance {unknown}
 i - a potion of invisibility {unknown}
 k - 2 potions of curing {unknown}
Comestibles
 d - 2 rations
 m - a chunk of flesh


   Skills:
 + Level 6.2 Short Blades
 - Level 2.1 Dodging
 - Level 3.2 Stealth
 - Level 1.5 Spellcasting
 - Level 2.4 Hexes


You had 4 spell levels left.
You knew the following spells:

 Your Spells              Type           Power        Failure   Level  Hunger
a - Corona                Hex            #......      10%         1    ##.....
b - Ensorcelled Hibernat  Hex/Ice        #.....       22%         2    ###....

Your spell library contained the following spells:

 Spells                   Type           Power        Failure   Level  Hunger
 Confuse                  Hex            #.......     28%         3    ####...
 Tukima's Dance           Hex            #.......     28%         3    ####...
 Dazzling Spray           Conj/Hex       #.....       41%         3    ####...


Dungeon Overview and Level Annotations

Branches:
Dungeon (4/15)
 Temple: D:4-7

Altars:
Dithmenos

Annotations:
D:1 dig vault


Innate Abilities, Weirdness & Mutations

You are small and have problems with some larger weapons.
You are somewhat resistant to further mutation.


Message History

Aiming: Ensorcelled Hibernation (safe; 22% risk of failure)
Press: ? - help, Shift-Dir - straight line, f/p - iguana
Aim: an iguana (chance to defeat MR: 45%)
The iguana resists with some effort.
The iguana bites you.
Casting: Ensorcelled Hibernation (safe; 22% risk of failure)
Confirm with . or Enter, or press ? or * to list all spells.
Aiming: Ensorcelled Hibernation (safe; 22% risk of failure)
Press: ? - help, Shift-Dir - straight line, f/p - iguana
Aim: an iguana (chance to defeat MR: 45%)
The iguana resists with some effort.
You are feeling hungry.
The iguana misses you.
Casting: Ensorcelled Hibernation (safe; 22% risk of failure)
Confirm with . or Enter, or press ? or * to list all spells.
You don't have enough magic to cast that spell.
Unknown command.
You barely miss the iguana. The iguana bites you!
You hit the iguana but do no damage. You hit the iguana but do no damage.
The iguana bites you!
You die...

#..#./.....
###..........
..........#.#..
............... #.#.#.#
#### #.#.#.####...
#.#.#....#.###### .####
#l#.#............
......#@#..............
#....#.#.#####?####z
#.#.............. #
#..#.#######.#..#
#............# .#
###....#####.# # #....#
#....# #....#


You could see an iguana.

Vanquished Creatures
  A bullfrog (D:7)
  A centaur skeleton (D:7)
  2 adders (D:2)
  2 oozes
  2 leopard geckos (D:3)
  7 orcs
  2 bats
  2 giant cockroaches
  3 goblins
  2 hobgoblins
  11 jackals
  A kobold (D:2)
  2 rats (D:2)
38 creatures vanquished.

Notes
Turn   | Place    | Note
-------+----------+-------------------------------------------
     0 | D:1      | Lavandula the Halfling Enchanter began the quest for the
                  | Orb.
     0 | D:1      | Reached XP level 1. HP: 11/11 MP: 3/3
   142 | D:2      | Reached skill level 2 in Short Blades
   142 | D:2      | Reached XP level 2. HP: 12/17 MP: 1/4
   178 | D:2      | Learned a level 2 spell: Ensorcelled Hibernation
   329 | D:2      | Reached skill level 3 in Short Blades
   470 | D:3      | Reached XP level 3. HP: 17/21 MP: 2/5
   591 | D:2      | Reached skill level 4 in Short Blades
   761 | D:3      | Reached XP level 4. HP: 15/27 MP: 6/6
   877 | D:3      | Found a shadowy altar of Dithmenos.
  1380 | D:4      | Noticed an ogre
  1459 | D:4      | You fall through a shaft for 3 floors!
  1475 | D:7      | Noticed a bullfrog
  1485 | D:7      | Killed a bullfrog
  1485 | D:7      | Reached skill level 5 in Short Blades
  1485 | D:7      | Reached XP level 5. HP: 21/31 MP: 0/7
  1497 | D:7      | Reached skill level 6 in Short Blades
  1569 | D:7      | Slain by an iguana

Vault maps used:
D:1:      tarquinn_simple_flora_water_c, due_unseen_surprise
D:2:      minmay_misc_feat_doors
D:3:      lemuel_doored_altar, marbit_many_paths, minmay_misc_feat_alley,
          dk_noncrumbling_4
D:7:      serial_glass, glass_columns_b, glass_columns_b

Skill      XL: |  1  2  3  4  5 |
---------------+----------------+-----
Short Blades   | 2 3 4 5 6 |  6.2
Dodging        | |  2.1
Stealth        | |  3.2
Spellcasting   | |  1.5
Hexes          | |  2.4

Action                   |  1- 3 |  4- 6 || total
-------------------------+-------+-------++-------
Melee: Dagger            |   112 |   102 ||   214
 Fire: Hunting sling     |     1 |       ||     1
 Cast: Corona            |     7 |       ||     7
       Ensorcelled Hiber |     5 |    16 ||    21
 Stab: Sleeping          |     5 |     6 ||    11
  Eat: Chunk             |       |     4 ||     4
Armor: Robe              |    19 |    10 ||    29
Dodge: Dodged            |    83 |    71 ||   154

Table legend:
 A = Non-vault XP
 B = Vault XP
 C = Vault XP percentage of total XP
 D = Non-vault monster count
 E = Vault monster count
 F = Vault count percentage of total count
                 A         B        C        D         E       F
            +---------+---------+-------+---------+---------+-------
      Total |     239 |       0 |   0.0 |      38 |       0 |   0.0
            +---------+---------+-------+---------+---------+-------
        D:1 |       2 |       0 |   0.0 |       1 |       0 |   0.0
        D:2 |      57 |       0 |   0.0 |      15 |       0 |   0.0
        D:3 |      27 |       0 |   0.0 |      11 |       0 |   0.0
        D:4 |      24 |       0 |   0.0 |       9 |       0 |   0.0
        D:7 |     129 |       0 |   0.0 |       2 |       0 |   0.0
            +---------+---------+-------+---------+---------+-------
